 Dungeon Crawl Stone Soup version 0.19.1-1-g22dce08 (webtiles) character file.

8801 Krapule the Prestidigitator (level 11, -4/99 HPs)
             Began as a Deep Dwarf Fighter on Jan 7, 2017.
             Was a Believer of Makhleb.
             Killed from afar by a gargoyle (19 damage)
             ... with a stone arrow
             ... on level 11 of the Dungeon.
             The game lasted 00:38:21 (8280 turns).

Krapule the Prestidigitator (Deep Dwarf Fighter)    Turns: 8280, Time: 00:38:22

Health: -4/99      AC: 15    Str: 23    XL:     11   Next: 14%
Magic:  16/16      EV: 10    Int:  9    God:    Makhleb [**....]
Gold:   261        SH:  0    Dex: 14    Spells: 0 memorised, 10 levels left

rFire  . . .     SeeInvis +     n - +4 battleaxe
rCold  . . .     Gourm    .     y - +0 plate armour
rNeg   . . .     Faith    .     (shield currently unavailable)
rPois  +         Spirit   .     O - +0 hat of Ama Sevo {Dex+2}
rElec  .         Reflect  .     E - +0 cloak
rCorr  .         Harm     .     (no gloves)
MR     +....                    (no boots)
Stlth  ..........               (no amulet)
                                t - ring of see invisible
                                s - ring of poison resistance

@: non-regenerating
A: damage resistance, recharge devices, sense surroundings 2, slow regeneration
3
a: Device Recharging, Minor Destruction, Renounce Religion


You were on level 11 of the Dungeon.
You worshipped Makhleb.
Makhleb was pleased with you.
You were not hungry.

You visited 2 branches of the dungeon, and saw 12 of its levels.

You collected 482 gold pieces.
You spent 221 gold pieces at shops.

Inventory:

Hand Weapons
 a - a +0 war axe
 n - a +4 battleaxe (weapon)
 M - a +1 hand axe of chopping
Missiles
 d - 7 steel tomahawks
 A - 5 silver tomahawks (quivered)
Armour
 c - a +0 shield
 y - a +0 plate armour (worn)
 B - a +0 ring mail of fire resistance
 E - a +0 cloak (worn)
 O - the +0 hat of Ama Sevo (worn) {Dex+2}
   (You found it on level 6 of the Dungeon)

   It affects your dexterity (+2).
Jewellery
 s - a ring of poison resistance (left hand)
 t - a ring of see invisible (right hand)
 u - an uncursed ring of wizardry
 v - an uncursed ring of stealth
 z - an uncursed ring of teleportation
 F - a +2 ring of intelligence
 J - an uncursed ring of protection from cold
 X - an uncursed ring of magical power
Wands
 e - a wand of heal wounds (1/9)
 Q - a wand of random effects (6/48)
 V - a wand of paralysis (1/24)
Scrolls
 l - 5 scrolls of remove curse
 o - 3 scrolls of fog {unknown}
 q - 2 scrolls of blinking {unknown}
 x - 2 scrolls of teleportation
 C - 3 scrolls of immolation {unknown}
 D - 3 scrolls of random uselessness {unknown}
 G - a scroll of amnesia {unknown}
 K - a scroll of holy word {unknown}
 L - a scroll of noise {unknown}
 N - 6 scrolls of enchant weapon
 P - 2 scrolls of magic mapping {unknown}
 W - a scroll of enchant armour
Potions
 g - a potion of magic
 h - 2 potions of cancellation
 i - 7 potions of curing
 j - 2 potions of flight
 k - 4 potions of heal wounds
 p - 6 potions of agility
 H - 3 potions of might
 T - a potion of invisibility
Books
 m - a book of Clouds

   Spells                             Type                      Level
   a - Mephitic Cloud                 Conjuration/Poison/Air       3
   b - Conjure Flame                  Conjuration/Fire             3
   c - Poisonous Cloud                Conjuration/Poison/Air       6
   d - Freezing Cloud                 Conjuration/Ice/Air          6
   e - Ring of Flames                 Charms/Fire                  7
 w - a book of Changes

   Spells                             Type                      Level
   a - Beastly Appendage              Transmutation                1
   b - Sticks to Snakes               Transmutation                2
   c - Spider Form                    Transmutation/Poison         3
   d - Ice Form                       Ice/Transmutation            4
   e - Blade Hands                    Transmutation                5
Comestibles
 b - 4 meat rations
 f - 12 bread rations
 r - 3 beef jerkies
 I - 10 fruits
 S - a royal jelly


   Skills:
 + Level 6.8 Fighting
 + Level 7.6 Axes
 + Level 8.3 Armour
 + Level 7.4 Dodging
 + Level 8.3 Shields
 + Level 5.5 Invocations
 + Level 9.1 Evocations


You had 10 spell levels left.
You didn't know any spells.

Dungeon Overview and Level Annotations

Branches:
Dungeon (11/15)            Temple (1/1) D:7
   Lair: D:8-11         Orc: D:9-12

Altars:
Ashenzari
Kikubaaqudgha
Makhleb
Okawaru
Qazlal
Ru
Trog
Uskayaw
Zin

Shops:
D:6 *   D:11 *

Annotations:
D:10 Vajrapani's ghost, novice MiWn


Innate Abilities, Weirdness & Mutations

You are resistant to damage.
You can recharge devices by infusing magical energy.
You passively map the area around you.
You do not regenerate.


Message History

The gargoyle is almost destroyed.
The gargoyle hits you but does no damage.
You hit the gargoyle.
The gargoyle is almost destroyed.
The gargoyle barely misses you.
You hit the gargoyle but do no damage.
The gargoyle is almost destroyed.
The gargoyle closely misses you.
Your plate armour prevents you from hitting the gargoyle.
The gargoyle is almost destroyed.
The gargoyle hurls a stone arrow at you.
The stone arrow hits you!
* * * LOW HITPOINT WARNING * * *
The gargoyle hurls a stone arrow at you.
The stone arrow misses you.
You hit the gargoyle but do no damage.
The gargoyle is almost destroyed.
The gargoyle hurls a stone arrow at you.
The stone arrow hits you!
You die...

, ,, *, ,*,#.#.#..#
**...# .......#
#.#..#,#/#.#..#
*..... .......## *
#..# #.#... * ,#..,
...# **
*##..#######.######
*
#...........@9...#
* *
##.#..#####.####.#
* ######...######.#
* * *,*
..............#.#*
, *
######.#####.#..,
,, #.# * ###* , *
#.# , #.# * , ** *,
#.#


You could see a gargoyle.

Vanquished Creatures
  An unseen horror (D:10)
  2 cyclopes
  2 trolls
  Grinder (D:4)
  2 hippogriffs
  6 yaks (D:11)
  A spriggan (D:9)
  Eustachio (D:4)
  A wyvern (D:9)
  2 hungry ghosts
  Edmund (D:4)
  2 water moccasins
  A sky beast (D:9)
  2 orc warriors
  2 ice beasts
  2 black bears
  2 ogres
  2 phantoms
  A centaur (D:5)
  A necrophage (D:11)
  An eye of draining (D:4)
  5 bullfrogs
  2 wyvern zombies
  2 scorpions
  20 killer bees
  10 wights
  A centaur zombie (D:6)
  2 bullfrog zombies
  3 quasits
  8 hounds
  Crazy Yiuf (D:6)
  A jelly (D:5)
  5 orc priests
  5 centaur skeletons
  7 orc wizards
  2 bullfrog skeletons
  3 iguanas
  7 worker ants
  A killer bee zombie (D:9)
  A hound skeleton (D:6)
  2 worker ant zombies
  4 gnolls (D:5)
  8 adders
  A shadow imp (D:5)
  An adder zombie (D:9)
  An adder skeleton (D:7)
  A worm (D:3)
  2 dart slugs
  6 leopard geckos
  40 orcs
  3 giant cockroaches
  6 goblins
  9 hobgoblins
  9 jackals
  10 kobolds
  5 quokkas
  A ball python (D:6)
  3 bats
  2 frilled lizards (D:2)
  A jackal skeleton (D:8)
  A leopard gecko skeleton (D:6)
  A quokka zombie (D:8)
  15 rats
254 creatures vanquished.

Notes
Turn   | Place    | Note
-------+----------+-------------------------------------------
     0 | D:1      | Krapule the Deep Dwarf Fighter began the quest for the Orb.
     0 | D:1      | Reached XP level 1. HP: 20/20 MP: 1/1
   158 | D:1      | Reached skill level 1 in Dodging
   158 | D:1      | Reached XP level 2. HP: 21/27 MP: 2/2
   748 | D:2      | Reached skill level 1 in Evocations
   750 | D:2      | Reached XP level 3. HP: 25/33 MP: 3/3
  1397 | D:2      | Reached skill level 2 in Evocations
  1445 | D:3      | Reached XP level 4. HP: 38/40 MP: 5/5
  2285 | D:4      | Reached XP level 5. HP: 25/48 MP: 5/7
  2297 | D:4      | Noticed Grinder
  2307 | D:4      | Paralysed by Grinder for 5 turns
  2322 | D:4      | Killed Grinder
  2322 | D:4      | Reached skill level 3 in Evocations
  2322 | D:4      | Reached XP level 6. HP: 29/56 MP: 8/8
  2341 | D:4      | Noticed a troll
  2373 | D:4      | HP: 2/56 [troll (8)]
  2378 | D:4      | Killed a troll
  2378 | D:4      | Reached skill level 4 in Evocations
  2378 | D:4      | Reached XP level 7. HP: 45/62 MP: 8/10
  2442 | D:4      | Noticed Edmund
  2456 | D:4      | Killed Edmund
  2456 | D:4      | Reached skill level 5 in Armour
  2590 | D:4      | Reached skill level 5 in Shields
  2795 | D:4      | Noticed Eustachio
  2798 | D:4      | Killed Eustachio
  2822 | D:4      | Reached XP level 8. HP: 36/72 MP: 0/11
  3012 | D:5      | Entered Level 5 of the Dungeon
  3052 | D:5      | Reached skill level 5 in Evocations
  3673 | D:6      | Reached skill level 5 in Axes
  3722 | D:6      | Got a brightly glowing hat
  3728 | D:6      | Identified the +0 hat of Ama Sevo {Dex+2} (You found it on level 6 of the Dungeon)
  3796 | D:6      | Reached skill level 6 in Evocations
  3874 | D:6      | Found Jinenise's Assorted Antiques.
  3882 | D:6      | Bought a scroll labeled BAUSADENGU for 21 gold pieces
  3882 | D:6      | Bought a scroll labeled AREECK CIRAI for 21 gold pieces
  3882 | D:6      | Bought a scroll labeled PAKHIJ PUETWO for 21 gold pieces
  3882 | D:6      | Bought a scroll of remove curse for 63 gold pieces
  3985 | D:6      | Reached skill level 5 in Dodging
  4024 | D:6      | Reached skill level 5 in Fighting
  4318 | D:6      | Found a runed door.
  4418 | D:6      | Noticed Crazy Yiuf
  4421 | D:6      | Killed Crazy Yiuf
  4421 | D:6      | Gained mutation: You passively map the area around you. [Deep Dwarf growth]
  4421 | D:6      | Reached XP level 9. HP: 61/81 MP: 13/13
  5132 | D:7      | Found a staircase to the Ecumenical Temple.
  5152 | Temple   | Entered the Ecumenical Temple
  5161 | Temple   | Became a worshipper of Makhleb the Destroyer
  5216 | D:7      | You fall through a shaft for 2 floors!
  5301 | D:9      | Reached skill level 7 in Evocations
  5412 | D:9      | Reached skill level 1 in Invocations
  5846 | D:7      | Reached * piety under Makhleb
  6147 | D:8      | Reached XP level 10. HP: 57/91 MP: 15/15
  6703 | D:8      | Reached ** piety under Makhleb
  6962 | D:9      | Reached skill level 8 in Evocations
  7033 | D:9      | Noticed a cyclops
  7051 | D:9      | Killed a cyclops
  7418 | D:10     | Entered Level 10 of the Dungeon
  7594 | D:10     | Noticed an unseen horror
  7628 | D:10     | Killed an unseen horror
  7867 | D:10     | Noticed Vajrapani's ghost (novice MiWn)
  7939 | D:11     | Reached skill level 5 in Invocations
  7952 | D:11     | Found Quufaikia's General Store.
  7955 | D:11     | Bought a scroll of identify for 20 gold pieces
  7955 | D:11     | Bought a scroll of enchant weapon for 75 gold pieces
  8035 | D:11     | Reached XP level 11. HP: 35/99 MP: 17/17
  8063 | D:11     | Reached skill level 9 in Evocations
  8113 | D:11     | HP: 4/99 [cyclops/large rock (28)]
  8280 | D:11     | Killed from afar by a gargoyle

Skill      XL: |  1  2  3  4  5  6  7  8  9 10 11 |
---------------+----------------------------------+-----
Dodging        | 1 2 3 4 5 6 7 |  7.4
Evocations     | 1 2 3 4 6 7 8 9 |  9.1
Armour         | 4 5 6 7 8 |  8.3
Shields        | 4 5 6 7 8 |  8.3
Fighting       | 3 4 5 6 |  6.8
Axes           | 3 4 5 6 7 |  7.6
Invocations    | 3 5 |  5.5

Action                   |  1- 3 |  4- 6 |  7- 9 | 10-12 || total
-------------------------+-------+-------+-------+-------++-------
Melee: War axe           |   131 |   107 |   629 |       ||   867
       Hand axe          |       |       |    18 |   571 ||   589
       Battleaxe         |       |       |       |    21 ||    21
 Abil: Device Recharging |       |       |       |     1 ||     1
Evoke: Wand              |     1 |     7 |    41 |    15 ||    64
  Use: Scroll            |     3 |     1 |    12 |     3 ||    19
       Potion            |       |     1 |       |     1 ||     2
 Stab: Paralysed         |       |       |     3 |    12 ||    15
  Eat: Chunk             |     2 |     1 |    13 |     9 ||    25
       Fruit             |       |     3 |       |       ||     3
       Pizza             |       |       |     1 |       ||     1
Armor: Scale mail        |    56 |       |       |       ||    56
       Plate armour      |       |    51 |   422 |   238 ||   711
       Chain mail        |       |    13 |       |       ||    13
Dodge: Dodged            |    41 |    36 |   205 |   169 ||   451
Block: Shield            |    57 |    68 |   386 |   299 ||   810
